 Dungeon Crawl Stone Soup version 0.29.1-14-g9c671dbff4 (webtiles) character file.

Game seed: 6460982566645946369

56 growler the Gusty (level 3, -2/26 HPs)
             Began as a Demonspawn Wanderer on Feb 12, 2023.
             Slain by a gnoll
             ... wielding a +0 spear
              (4 damage)
             ... on level 2 of the Dungeon.
             The game lasted 00:04:43 (1352 turns).

growler the Gusty (Demonspawn Wanderer)             Turns: 1352, Time: 00:04:44

Health: -2/26      AC:  5    Str: 12    XL:     3   Next: 71%
Magic:  1/7        EV: 11    Int: 16    God:
Gold:   28         SH:  3    Dex: 11    Spells: 6/7 levels left

rFire   . . .      SeeInvis .   a - +0 dagger
rCold   . . .      Faith    .   d - +0 buckler
rNeg    . . .      Spirit   .   c - +0 robe
rPois   .          Reflect  .   (no helmet)
rElec   .          Harm     .   (no cloak)
rCorr   .          Rampage  .   (no gloves)
Will    .....                   (no boots)
Stlth   +.........              (no amulet)
HPRegen 0.08/turn               e - ring of flight
MPRegen 0.10/turn               (no ring)

@: flying
A: thin metallic scales 2
a: no special abilities


You were on level 2 of the Dungeon.
You visited 1 branch of the dungeon, and saw 2 of its levels.

You collected 28 gold pieces.

Inventory:

Hand Weapons
 a - a +0 dagger (weapon)
 i - a +0 short sword of venom
Armour
 c - a +0 robe (worn)
 d - a +0 buckler (worn)
Jewellery
 e - a ring of flight (left hand)
Scrolls
 g - a scroll of fog {unknown}
 h - a scroll of blinking {unknown}
 k - a scroll of enchant weapon {unknown}
 m - a scroll of acquirement {unknown}
 n - a scroll of teleportation {unknown}
Potions
 b - 2 potions of curing
 f - a potion of might {unknown}
 j - a potion of flight {unknown}
 l - a potion of brilliance {unknown}


   Skills:
 - Level 1.0 Fighting
 - Level 1.0 Dodging
 - Level 1.0 Shields
 + Level 2.8 Spellcasting
 + Level 1.2 Conjurations
 - Level 2.1 Necromancy
 + Level 3.4 Air Magic


You had 6 spell levels left.
You knew the following spells:

 Your Spells              Type           Power      Damage    Failure   Level
a - Shock                 Conj/Air       36%        1d5       10%         1

Your spell library contained the following spells:

 Spells                   Type           Power      Damage    Failure   Level
 Necrotise                Necr           36%        1d5       11%         1
 Static Discharge         Conj/Air       9%         3-5/arc   16%         2
 Vampiric Draining        Necr           9%         2d6       32%         3
 Airstrike                Air            6%         2d(1-17)  54%         4


Dungeon Overview and Level Annotations

Branches:
Dungeon (2/15)

Altars:


Innate Abilities, Weirdness & Mutations

You are mostly covered in thin metallic scales. (AC +3)


Message History

You hit the gnoll.
You kill the gnoll!
Your Conjurations skill increases to level 1!
Casting: Shock (safe; 11% risk of failure)
Confirm with . or Enter, or press ? or * to list all spells.
Aiming: Shock (safe; 11% risk of failure)
Press: ? - help, Shift-Dir - straight line, f/p - gnoll
Aim: a gnoll, wielding a +0 spear (moderately wounded, 72% to hit)
The zap hits the rat.
You kill the rat!
The zap hits the gnoll.
You kill the gnoll!
The zap hits the gnoll.
The gnoll is heavily wounded.
The gnoll hits you with a +0 spear.
Your magical contamination has completely faded away.
You hit the gnoll.
The gnoll is heavily wounded.
The gnoll hits you with a +0 spear.
You hit the gnoll but do no damage.
The gnoll is heavily wounded.
The gnoll hits you with a +0 spear.
You hit the gnoll but do no damage.
The gnoll is heavily wounded.
The gnoll closely misses you.
You barely miss the gnoll.
The gnoll is heavily wounded.
The gnoll hits you with a +0 spear.
* * * LOW HITPOINT WARNING * * *
You hit the gnoll.
The gnoll is severely wounded.
The gnoll hits you with a +0 spear.
* * * LOW HITPOINT WARNING * * *
You closely miss the gnoll.
The gnoll is severely wounded.
The gnoll misses you.
You closely miss the gnoll.
The gnoll is severely wounded.
The gnoll hits you with a +0 spear.
You die...

#######. .......(
.## ..# ..# ..#
..# ..#
##############.##
..######
#.....@g.).......
........
#.############.#.
.##########.#
............#
#############


You could see a gnoll.

Vanquished Creatures
  2 gnolls (D:2)
  An adder (D:2)
  A dart slug (D:1)
  An endoplasm (D:1)
  A giant cockroach (D:1)
  A goblin (D:1)
  3 hobgoblins
  4 jackals (D:1)
  3 kobolds (D:1)
  A quokka (D:1)
  3 ball pythons (D:1)
  A frilled lizard (D:1)
  2 rats
24 creatures vanquished.

Vanquished Creatures (others)
  3 plants (D:1)
3 creatures vanquished.

Grand Total: 27 creatures vanquished

Notes
Turn   | Place    | Note
-------+----------+-------------------------------------------
     0 | D:1      | growler the Demonspawn Wanderer began the quest for the
                  | Orb.
     0 | D:1      | growler set off with the following items: a +0 dagger, a
                  | potion of curing, a +0 robe, a +0 buckler; and the
                  | following spells available to memorise: Necrotise, Shock,
                  | Static Discharge, Vampiric Draining, Airstrike.
     0 | D:1      | Reached XP level 1. HP: 15/15 MP: 3/3
    24 | D:1      | Learned a level 1 spell: Shock
   549 | D:1      | Reached skill level 3 in Air Magic
   549 | D:1      | Gained mutation: You are partially covered in thin metallic
                  | scales. (AC +2) [demonic ancestry]
   549 | D:1      | Reached XP level 2. HP: 21/21 MP: 1/5
  1225 | D:2      | Gained mutation: You are mostly covered in thin metallic
                  | scales. (AC +3) [demonic ancestry]
  1225 | D:2      | Reached XP level 3. HP: 23/26 MP: 0/7
  1339 | D:2      | Reached skill level 1 in Conjurations
  1352 | D:2      | Slain by a gnoll

Illustrated notes

Levels and vault maps discovered:
D:1:      eino_arrival_water_cross, layout_rooms, minmay_misc_feat_tiny
D:2:      layout_basic, shapermc_ecumenical_altar_venn

Skill      XL: |  1  2  3 |
---------------+----------+-----
Air Magic      | 3 |  3.4
Conjurations   | 1 |  1.2
Fighting       | |  1.0
Dodging        | |  1.0
Shields        | |  1.0
Spellcasting   | |  2.8
Necromancy     | |  2.1

Action                   || total
-------------------------++-------
Melee: Dagger            ||    81
 Cast: Shock             ||    34
 Stab: Sleeping          ||     1
Armor: Robe              ||    18
Dodge: Dodged            ||    39
Block: Buckler           ||    12
